 Dungeon Crawl Stone Soup version 0.30-a0-728-gc68057be0a (webtiles) character file.

Game seed: 3162067434274749092

715 timneilson the Shield-Bearer (level 7, -9/44 HPs)
             Began as a Gargoyle Fighter on Feb 1, 2023.
             Killed by divine providence
             ... invoked by an orc priest
              (13 damage)
             ... on level 5 of the Dungeon.
             The game lasted 00:06:14 (3444 turns).

timneilson the Shield-Bearer (Gargoyle Fighter)     Turns: 3444, Time: 00:06:15

Health: -9/44      AC: 18    Str: 21    XL:     7   Next: 69%
Magic:  7/7        EV:  6    Int:  9    God:
Gold:   60         SH:  8    Dex:  9    Spells: 6/6 levels left

rFire   . . .      SeeInvis .    a - +1 long sword (venom)
rCold   + . .      Faith    .    f - +0 kite shield {rC+}
rNeg    + . .      Spirit   .    i - +0 chain mail
rPois   ∞          Reflect  .    b - +0 helmet
rElec   +          Harm     .    h - +0 cloak
rCorr   .          Rampage  .    (no gloves)
Will    .....                    d - +0 pair of boots Stlth
                                 (no amulet)
HPRegen 0.27/turn                (no ring)
MPRegen 0.10/turn                (no ring)

@: flying
A: sickness immunity, AC +4, negative energy resistance 1, electricity
resistance, torment resistance 1, petrification resistance
a: no special abilities


You were on level 5 of the Dungeon.
You visited 1 branch of the dungeon, and saw 5 of its levels.

You collected 186 gold pieces.
You spent 126 gold pieces at shops.

Inventory:

Hand Weapons
 a - a +1 long sword of venom (weapon)
Armour
 b - a +0 helmet (worn)
 d - a +0 pair of boots (worn)
 f - a +0 kite shield of cold resistance (worn)
 h - a +0 cloak (worn)
 i - a +0 chain mail (worn)
Wands
 j - a wand of iceblast (10)
Potions
 k - a potion of haste
 l - a potion of cancellation {unknown}
 n - a potion of lignification
 o - 2 potions of curing {unknown}


   Skills:
 + Level 4.4 Fighting
 * Level 4.1 Long Blades
 * Level 5.4 Armour
 + Level 1.9 Dodging
 * Level 5.4 Shields
 + Level 1.2 Evocations


You had 6 spell levels left.
You didn't know any spells.
Your spell library contained the following spells:

 Spells                   Type           Power      Damage    Failure   Level
 Beastly Appendage        Tmut           0%         N/A       100%        1
 Scorch                   Fire           0%         2d5       100%        2
 Wereblood                Tmut           0%         N/A       100%        2
 Spider Form              Tmut/Pois      0%         N/A       100%        3
 Flame Wave               Conj/Fire      0%         2d4       100%        4
 Summon Cactus Giant      Summ           0%         N/A       100%        6


Dungeon Overview and Level Annotations

Branches:
Dungeon (5/15)
 Temple: D:4-7

Altars:
Hepliaklqana

Shops:
D:1 *   D:4 :

Annotations:
D:4 2 transporters


Innate Abilities, Weirdness & Mutations

You are immune to sickness and miasma.
Your stone body is resilient. (AC +4)
You are immune to poison.
You resist negative energy. (rN+)
You are resistant to electric shocks. (rElec)
You are resistant to unholy torment.
You are immune to petrification.


Message History

The orc priest is severely wounded.
The scorpion stings you but does no damage.
The orc hits you with a +0 short sword.
The orc priest hits you with a +0 falchion.
The orc hits you but does no damage. The scorpion completely misses you.
You miss the orc priest.
The orc priest is severely wounded.
The orc priest hits you but does no damage.
The orc wizard hits you but does no damage.
The orc hits you but does no damage. The orc barely misses you.
The scorpion stings you.
The orc hits you from afar with a +4 heavy trident.
The orc hits you but does no damage.
The orc priest mumbles some strange prayers to Beogh against you.
Pain shoots through your body! The orc hits you but does no damage.
The orc wizard barely misses you.
You closely miss the scorpion. The scorpion stings you.
The orc priest barely misses you. The orc completely misses you.
The orc wizard barely misses you. The orc hits you but does no damage. x2
The scorpion stings you but does no damage.
The orc hits you from afar with a +4 heavy trident!
* * * LOW HITPOINT WARNING * * *
It was a potion of magic.
Magic courses through your body.
You feel less confused.
The scorpion stings you but does no damage.
The orc priest hits you but does no damage.
You block the orc's attack. The orc wizard casts a spell at you.
The puff of flame hits you.
* * * LOW HITPOINT WARNING * * *
The orc hits you but does no damage. The orc hits you with a +0 flail.
* * * LOW HITPOINT WARNING * * *
Okay, then.
It was a potion of flight.
You feel very buoyant.
You fly up into the air.
The scorpion stings you but does no damage.
The orc priest calls down the wrath of Beogh upon you.
Beogh smites you!
You die...

#....[.# #. ##
#.#.#.#..#.####. .
##.....#........## .#.
#.#.# ........## ... ....#
.........###.# #.##
........).##.# ..
.....o..)..#.# ##
......ooo#.#.#
......s@o#...#
#......o.###..#
##.........##..####
#.................#.$$ ..
#...................#
.#.##...................#
.....#....................#
#.#.#.....................#
.............#.......?.#.#


You could see a scorpion, an orc priest, an orc wizard and 4 orcs.

Vanquished Creatures
  Sigmund (D:3)
  Eustachio (D:4)
  2 necrophages
  2 scorpions (D:5)
  A jelly (D:5)
  An iguana (D:4)
  A gnoll (D:4)
  3 adders
  An ufetubus (D:4)
  2 worms (D:4)
  3 dart slugs
  4 orcs
  8 endoplasms
  3 giant cockroaches
  4 hobgoblins
  9 jackals
  6 quokkas
  4 ball pythons
  5 bats
  3 frilled lizards
  4 goblins
  2 kobolds (D:2)
  4 rats
74 creatures vanquished.

Vanquished Creatures (others)
  5 plants (D:4)
5 creatures vanquished.

Grand Total: 79 creatures vanquished

Notes
Turn   | Place    | Note
-------+----------+-------------------------------------------
     0 | D:1      | timneilson the Gargoyle Fighter began the quest for the
                  | Orb.
     0 | D:1      | Reached XP level 1. HP: 14/14 MP: 1/1
   183 | D:1      | Reached XP level 2. HP: 19/19 MP: 2/2
   546 | D:1      | Found Jakaydgho's General Store.
  1060 | D:2      | Reached XP level 3. HP: 23/23 MP: 3/3
  1213 | D:2      | Found a hazy altar of Hepliaklqana.
  1586 | D:3      | Noticed a necrophage
  1608 | D:3      | Killed a necrophage
  1609 | D:3      | Reached XP level 4. HP: 13/29 MP: 4/4
  1704 | D:3      | Reached XP level 5. HP: 29/33 MP: 5/5
  1779 | D:3      | Found a faded altar of an unknown god.
  2104 | D:3      | Noticed Sigmund
  2118 | D:3      | Reached skill level 1 in Dodging
  2118 | D:3      | Killed Sigmund
  2119 | D:3      | Reached XP level 6. HP: 10/38 MP: 6/6
  2427 | D:4      | Found Zekiypue's Book Shoppe.
  2459 | D:4      | Noticed Eustachio
  2509 | D:4      | Killed Eustachio
  2510 | D:4      | Reached skill level 5 in Armour
  2510 | D:4      | Reached skill level 5 in Shields
  2510 | D:4      | Reached XP level 7. HP: 11/43 MP: 7/7
  2708 | D:1      | Bought a +0 kite shield of cold resistance for 126 gold
                  | pieces
  2997 | D:4      | Found a transporter.
  3068 | D:4      | Found a transporter.
  3148 | D:5      | Entered Level 5 of the Dungeon
  3155 | D:5      | Reached skill level 1 in Evocations
  3444 | D:5      | Killed from afar by an orc priest

Illustrated notes

Levels and vault maps discovered:
D:1:      arrival_zaba_pyramid, layout_basic, serial_shops, shop
D:2:      layout_rooms, basic_altar, kennysheep_potato
D:3:      layout_basic, dreamdust_ecumenical_altar_grove, uniq_sigmund
D:4:      layout_rooms, gammafunk_ghost_gnarly_gnolls, serial_shops,
          nicolae_diamond_shop, uniq_eustachio
D:5:      layout_rooms, serial_shops, shop_coins, st_stairs_13

Skill      XL: |  1  2  3  4  5  6  7 |
---------------+----------------------+-----
Long Blades    | 2 3 4 |  4.1
Armour         | 4 5 |  5.4
Shields        | 4 5 |  5.4
Dodging        | 1 |  1.9
Fighting       | 4 |  4.4
Evocations     | 1 |  1.2

Action                     |  1- 3 |  4- 6 |  7- 9 || total
---------------------------+-------+-------+-------++-------
  Melee: Long sword        |   174 |    91 |    73 ||   338
    Use: Scroll            |     9 |     3 |       ||    12
         Potion            |       |     2 |     3 ||     5
 Armour: Scale mail        |    21 |       |       ||    21
         Chain mail        |   131 |   129 |    77 ||   337
  Dodge: Dodged            |   102 |    74 |    31 ||   207
  Block: Buckler           |    56 |    39 |       ||    95
         Kite shield       |       |       |    43 ||    43

Table legend: (Time is in decaauts)
 A = Elapsed time spent in this place.
 B = Non-inter-level travel time spent in this place.
 C = Inter-level travel time spent in this place.
 D = Time resting spent in this place.
 E = Time spent auto-exploring this place.
 F = Levels seen in this place.
 G = Mean time per level.
                   A        B        C        D        E       F      G
               +--------+--------+--------+--------+--------+-----+--------+
         Total |   3537 |   3352 |    185 |    107 |   2361 |   5 |  707.4 |
       Dungeon |   3537 |   3352 |    185 |    107 |   2361 |   5 |  707.4 |
               +--------+--------+--------+--------+--------+-----+--------+

Top non-repeatable levels by time:
     D:1: 1045 daAuts
     D:3: 935 daAuts
     D:4: 772 daAuts
     D:2: 617 daAuts
     D:5: 166 daAuts
